 Dungeon Crawl Stone Soup version 0.29-a0-11-ga75d3d97ab (webtiles) character file.

Game seed: 9545997967648744174

2739 browni3141 the Grappler (level 9, -4/80 HPs)
             Began as a Troll Monk on Jan 28, 2022.
             Slain by a hornet (16 damage)
             ... on level 7 of the Dungeon.
             The game lasted 00:06:04 (5110 turns).

browni3141 the Grappler (Troll Monk)                Turns: 5110, Time: 00:06:05

Health: -4/80      AC:  4    Str: 21    XL:     9   Next: 40%
Magic:  8/8        EV: 10    Int:  6    God:
Gold:   249        SH:  0    Dex: 16    Spells: 8/8 levels left

rFire   . . .      SeeInvis .     - Unarmed
rCold   . . .      Faith    .   (no shield)
rNeg    . . .      Spirit   .   a - +0 robe
rPois   .          Reflect  .   (helmet restricted)
rElec   .          Harm     .   (no cloak)
rCorr   .          Rampage  .   (gloves unavailable)
Will    .....                   (boots unavailable)
Stlth   ++........              (no amulet)
HPRegen 1.03/turn               (no ring)
MPRegen 0.11/turn               (no ring)

@: lethally poisoned (-4 -> -8), slowed, very slow
A: large, unfitting armour, claws 3, regeneration 1, shaggy fur 1, tough skin 1
a: no special abilities


You were on level 7 of the Dungeon.
You visited 1 branch of the dungeon, and saw 7 of its levels.

You collected 249 gold pieces.

Inventory:

Missiles
 j - 180 stones (quivered)
Armour
 a - a +0 robe (worn)
Wands
 s - a wand of polymorph (11)
 v - a wand of acid (11)
Scrolls
 d - a scroll of teleportation {unknown}
 e - a scroll of silence {unknown}
 f - a scroll of vulnerability {unknown}
 g - a scroll of holy word
 h - a scroll of summoning
 l - 2 scrolls of magic mapping {unknown}
 o - 5 scrolls of identify {unknown}
 p - 2 scrolls of enchant weapon {unknown}
 q - a scroll of fear {unknown}
 t - a scroll of noise {unknown}
 u - a scroll of enchant armour {unknown}
Potions
 b - 2 potions of might {unknown}
 c - 2 potions of mutation {unknown}
 i - a potion of curing {unknown}
 k - a potion of lignification {unknown}
 m - a potion of resistance {unknown}
 n - 2 potions of flight {unknown}
 r - a potion of attraction {unknown}


   Skills:
 - Level 2.4 Fighting
 * Level 2.8 Dodging
 - Level 1.0 Stealth
 - Level 13.0 Unarmed Combat
 * Level 0.9 Evocations


You had 8 spell levels left.
You didn't know any spells.
Your spell library contained the following spells:

 Spells                   Type           Power      Damage    Failure   Level
 Ensorcelled Hibernation  Hex/Ice        0%         N/A       58%         2
 Call Canine Familiar     Summ           0%         N/A       83%         3
 Ignite Poison            Fire/Tmut/Pois 0%         N/A       83%         3
 Mephitic Cloud           Conj/Pois/Air  0%         N/A       83%         3
 Portal Projectile        Hex/Tloc       0%         N/A       83%         3
 Spider Form              Tmut/Pois      0%         N/A       83%         3
 Anguish                  Hex/Necr       0%         N/A       99%         4
 Leda's Liquefaction      Hex/Erth       0%         N/A       99%         4
 Freezing Cloud           Conj/Ice/Air   0%         6-21      100%        5


Dungeon Overview and Level Annotations

Branches:
Dungeon (7/15)
 Temple: D:4-7

Altars:

Shops:
D:7 *

Annotations:
D:7 2 transporters, jfcaron's ghost, novice MiCA


Innate Abilities, Weirdness & Mutations

You are too large for most types of armour.
You have claws for hands.
Your natural rate of healing is unusually fast.
You are covered in fur. (AC +1)
You have tough skin. (AC +1)


Message History

The hornet stings you!
You feel as though you will be slow longer.
You miss the hornet. The hornet stings you!
You feel as though you will be slow longer.
The hornet stings you!
You are poisoned.
You feel as though you will be slow longer.
You claw the hornet!
The hornet is moderately wounded.
You feel very sick.
The hornet stings you but does no damage.
The hornet stings you.
You feel as though you will be slow longer.
You miss the hornet.
The hornet is moderately wounded.
You feel sick. The hornet stings you.
You feel as though you will be slow longer.
The hornet stings you.
You suddenly lose the ability to move!
You can move again.
You feel very sick. The hornet stings you.
You shrug off the repeated paralysis!
The howler monkey zombie hits you but does no damage.
You see here a wand of acid (5).
v - a wand of acid (12) (gained 5 charges)
You feel sick. The hornet stings you!
* * * LOW HITPOINT WARNING * * *
You are more poisoned.
You feel as though you will be slow longer.
The hornet closely misses you.
The howler monkey zombie barely misses you.
Aiming: Corrosive Bolt
Press: ? - help, Shift-Dir - straight line, f - hornet
Aim: a hornet (moderately wounded, 57% to hit)
The bolt of acid hits the hornet!
The acid corrodes the hornet!
The hornet is severely wounded.
You feel very sick. The hornet closely misses you.
The howler monkey zombie closely misses you.
The hornet stings you!
You die...

#.....##.# ########...
#.^...##.# #......'...
#.....##.# #.######...
###.....##.# #.# #...
.........#.# #.# #...
.........#.# #.# #...
.........#.# #.# ####
.......y.#.# #.#
......Z@.#.###.#
....>..........##
.........#####..#
####+#########..######
...............
#######..####.# #...#
#.#.# #.#..#


You could see a hornet (corroded) and a howler monkey zombie.

Vanquished Creatures
  Pikel (D:4)
  Grinder (D:3)
  A wyvern (D:5)
  A steam dragon (D:6)
  2 ice beasts (D:6)
  An orc warrior (D:6)
  A sky beast (D:6)
  3 ogres
  A bullfrog (D:7)
  2 gnoll sergeants
  3 scorpions
  A wyvern skeleton (D:5)
  4 wights
  2 bullfrog zombies
  A centaur zombie (D:6)
  4 hounds
  A gnoll shaman (D:6)
  An orc wizard (D:6)
  21 gnolls
  8 adders
  A white imp (D:5)
  An ufetubus (D:4)
  3 dart slugs
  14 orcs
  4 bats
  2 endoplasms
  A giant cockroach (D:4)
  6 goblins
  5 hobgoblins
  2 jackals (D:1)
  3 kobolds
  7 quokkas
  4 ball pythons
  2 frilled lizards
  2 rats
117 creatures vanquished.

Vanquished Creatures (others)
  4 toadstools (D:1)
4 creatures vanquished.

Grand Total: 121 creatures vanquished

Notes
Turn   | Place    | Note
-------+----------+-------------------------------------------
     0 | D:1      | browni3141 the Troll Monk began the quest for the Orb.
     0 | D:1      | Reached XP level 1. HP: 22/22 MP: 0/0
    61 | D:1      | Found a faded altar of an unknown god.
    98 | D:1      | Reached XP level 2. HP: 22/29 MP: 1/1
   133 | D:1      | Reached skill level 4 in Unarmed Combat
   335 | D:1      | You fall into a shaft and drop 1 floor!
   340 | D:2      | Reached XP level 3. HP: 32/36 MP: 2/2
   631 | D:2      | Reached XP level 4. HP: 44/44 MP: 3/3
  1203 | D:3      | Reached skill level 5 in Unarmed Combat
  1452 | D:3      | Noticed a scorpion
  1576 | D:3      | Noticed Grinder
  1589 | D:3      | Killed Grinder
  1590 | D:3      | Reached skill level 6 in Unarmed Combat
  1590 | D:3      | Reached XP level 5. HP: 33/50 MP: 4/4
  1590 | D:3      | Reached XP level 6. HP: 40/59 MP: 5/5
  1922 | D:3      | Reached skill level 7 in Unarmed Combat
  2274 | D:4      | Noticed Pikel
  2330 | D:4      | Killed Pikel
  2331 | D:4      | Reached skill level 9 in Unarmed Combat
  2331 | D:4      | Reached XP level 7. HP: 37/66 MP: 6/6
  2941 | D:5      | Entered Level 5 of the Dungeon
  2945 | D:5      | Reached XP level 8. HP: 74/74 MP: 7/7
  3275 | D:5      | Reached skill level 10 in Unarmed Combat
  3918 | D:6      | Reached skill level 11 in Unarmed Combat
  4255 | D:6      | Reached skill level 12 in Unarmed Combat
  4255 | D:6      | Reached XP level 9. HP: 80/80 MP: 8/8
  4746 | D:7      | Reached skill level 13 in Unarmed Combat
  4955 | D:7      | Found a transporter.
  4961 | D:7      | Noticed a moth of wrath
  4967 | D:7      | Noticed jfcaron's ghost (novice MiCA)
  4977 | D:7      | Found a transporter.
  5020 | D:7      | Found Fiffuqit's Neck Hole.
  5107 | D:7      | Paralysed by a hornet for 1 turns
  5110 | D:7      | Slain by a hornet

Illustrated notes

Levels and vault maps discovered:
D:1:      ldierk_water_garden, layout_basic,
          shapermc_ecumenical_altar_mp_ritualfount
D:2:      layout_basic, st_stairs_12
D:3:      layout_loops_ring, kennysheep_cluttered_room, minmay_misc_feat_roman,
          kennysheep_generic_room_9, uniq_grinder
D:4:      layout_basic, st_stairs_12, kennysheep_donut, uniq_pikel
D:5:      layout_loops_corners, kennysheep_boxes
D:6:      layout_loops_ring, kennysheep_generic_room_6
D:7:      layout_basic, minmay_temple_entry_from_below_a,
          gammafunk_ghost_berserking_beasts, minmay_strange_pillars,
          minivault_26, nicolae_shop_sticking_my_neck_out

Skill      XL: |  1  2  3  4  5  6  7  8  9 |
---------------+----------------------------+-----
Unarmed Combat | 4 6 9 12 13 | 13.0
Fighting       | |  2.4
Dodging        | |  2.8
Stealth        | |  1.0
Evocations     | |  0.9

Action                   |  1- 3 |  4- 6 |  7- 9 || total
-------------------------+-------+-------+-------++-------
Melee: Unarmed           |    73 |    71 |   171 ||   315
       Punch             |     3 |     1 |     9 ||    13
Throw: Stone             |       |     6 |     5 ||    11
Evoke: Wand              |       |       |     1 ||     1
  Use: Scroll            |       |     1 |       ||     1
 Stab: Sleeping          |     1 |     1 |     5 ||     7
Armor: Robe              |    18 |    17 |    27 ||    62
Dodge: Dodged            |    31 |    27 |    75 ||   133

Table legend: (Time is in decaauts)
 A = Elapsed time spent in this place.
 B = Non-inter-level travel time spent in this place.
 C = Inter-level travel time spent in this place.
 D = Time resting spent in this place.
 E = Time spent auto-exploring this place.
 F = Levels seen in this place.
 G = Mean time per level.
                   A        B        C        D        E       F      G
               +--------+--------+--------+--------+--------+-----+--------+
         Total |   5069 |   4815 |    254 |    200 |   3831 |   7 |  724.1 |
       Dungeon |   5069 |   4815 |    254 |    200 |   3831 |   7 |  724.1 |
               +--------+--------+--------+--------+--------+-----+--------+

Top non-repeatable levels by time:
     D:5: 919 daAuts
     D:3: 889 daAuts
     D:4: 844 daAuts
     D:6: 843 daAuts
     D:1: 627 daAuts
     D:2: 564 daAuts
     D:7: 379 daAuts
